Cogmind - Beta 11.1 @@@ ROGUE MODE // 2022.06.03 @ 12:17:14 Player: ktur Result: Destroyed by G-47 Trooper with Particle Gun Performance ------------- Evolutions (0) 0 Regions Visited (2) 400 Robots Destroyed (25) 125 Value Destroyed (741) 741 Prototype IDs (4) 80 Alien Tech Used (0) 0 Bonus (125) 125 TOTAL SCORE: 1471 Bonus ------- Follower Combat Kills 125 Cogmind --------- Core Integrity 0/250 Matter 258/300 Energy 250/250 System Corruption 0% Temperature Warm (144) Movement Treading (240) Ox1 Location -10/Mines Parts ------- > --- POWER (1) -------- Ion Engine > --- PROPULSION (2) --- Light Treads Light Treads > --- UTILITY (2) ------ High-capacity Storage Unit Light Armor Plating > --- WEAPON (2) ------- Medium Laser Assault Rifle > --- INVENTORY (20) --- Light Ion Engine Light Treads Armored Wheel Cooling System Cooling System Cooling System Huge Storage Unit Transport Network Coupler Hacking Suite Tractor Beam Improved EM Shotgun Improved EM Shotgun Small Laser Small Laser Mini Grenade Launcher Mini Grenade Launcher Mini Grenade Launcher Mini Grenade Launcher Plasma Cutter Hammer Peak State ------------ > --- POWER ------------ Ion Engine > --- PROPULSION ------- Light Treads Light Treads > --- UTILITY ---------- Improved Heat Sink Huge Storage Unit > --- WEAPON ----------- Medium Laser Hammer > --- INVENTORY -------- Light Ion Engine Wheel Armored Wheel Armored Wheel Armored Wheel Armored Wheel Cooling System Cooling System Cooling System Cooling System Tractor Beam Improved EM Shotgun Improved EM Shotgun Small Laser Small Laser Small Laser Light Assault Rifle Light Cannon [Rating: 12] Favorites ----------- Power Ion Engine Engine Ion Engine Propulsion Light Treads Treads Light Treads Utility Light Armor Plating Device Improved Heat Sink Storage High-capacity Storage Unit Protection Light Armor Plating Weapon Medium Laser Energy Gun Medium Laser Ballistic Gun Assault Rifle Launcher Mini Grenade Launcher Impact Weapon Hammer Build | -11 -10 -10 ------- Run | Scr Mat Min Slots Evolved . | . . . Power . | . . . Propulsion . | . . . Utility . | . . . Weapon . | . . . Parts Attached 30 | 6 17 7 Power 3 | 1 2 . Engine 3 | 1 2 . Core . | . . . Reactor . | . . . Propulsion 3 | 2 1 . Treads 3 | 2 1 . Leg . | . . . Wheel . | . . . Hover . | . . . Flight . | . . . Utility 8 | 1 6 1 Device 2 | . 2 . Storage 4 | 1 3 . Processor . | . . . Hackware . | . . . Protection 2 | . 1 1 Artifact . | . . . Weapon 16 | 2 8 6 Energy Gun 4 | 1 2 1 Energy Cannon . | . . . Ballistic Gun 6 | 1 3 2 Ballistic Cannon . | . . . Launcher 2 | . . 2 Special Weapon . | . . . Impact Weapon 4 | . 3 1 Slashing Weapon . | . . . Piercing Weapon . | . . . Special Melee Weapon . | . . . Unidentified Prototypes 1 | . 1 . Parts Lost 1 | . . 1 Power . | . . . Propulsion . | . . . Utility 1 | . . 1 Weapon . | . . . Highest Loss Streak 1 | . . 1 To Critical Strikes . | . . . Average Slot Usage (%) 99 | . 98 99 Engine 14 | . 14 14 Treads 28 | . 28 28 Device 4 | . 6 . Storage 14 | . 14 14 Protection 8 | . 6 13 Energy Gun 13 | . 13 10 Ballistic Gun 13 | . 13 13 Impact Weapon 1 | . . 3 Naked Turns . | . . . Heaviest Build 90 | 13 90 52 Greatest Support 40 | 40 40 40 Greatest Overweight (x) 2 | . 2 1 Average Overweight (x) . | . . 1 Largest Inventory Capacity 25 | 8 25 20 Average Capacity 18 | 6 17 20 Most Carried 20 | 6 20 20 Average Carried 15 | 3 14 19 Final Capacity 20 | 8 20 20 Final Carried 20 | 6 20 20 Class Distribution -------------------- 100% | Mutant Dominant Class ---------------- Mutant | -10/Materials Mutant | -10/Mines Resources | -11 -10 -10 ----------- Run | Scr Mat Min Matter Collected 624 | 240 314 70 Remotely . | . . . Salvage Created 873 | . 761 112 Parts 51 | . 43 8 Haulers Intercepted 2 | . 2 . Recyclers Shooed 2 | . 2 . Parts Field Recycled . | . . . Retrieved Matter . | . . . Parts Self-Destructed . | . . . Prevented . | . . . Kills | -11 -10 -10 ------- Run | Scr Mat Min Combat Hostiles Destroyed 20 | . 13 7 Melee 2 | . . 2 Guns 14 | . 12 2 AOE 2 | . . 2 Classes Destroyed 6 | . 4 2 Worker 2 | . 2 . Hauler 2 | . 2 . Operator 2 | . 2 . Swarmer 3 | . . 3 Grunt 16 | . 13 3 Assembled 1 | . . 1 Best Kill Streak 3 | . 2 3 Combat Bots Only 3 | . 2 3 Max Kills in Single Turn 2 | . 1 2 Gunslinging . | . . . Exploded 2 | . . 2 Melee 1 | . . 1 Uniques/NPCs Destroyed . | . . . Combat | -11 -10 -10 -------- Run | Scr Mat Min Damage Taken 1056 | . 639 417 Core 261 | . 149 112 Absorbed by Shields . | . . . Core Remaining (%) 100 | 100 . . Volleys Fired 79 | . 68 11 Largest 2 | . 2 2 Hottest 70 | . 70 70 Shots Fired 156 | . 136 20 Gun 154 | . 136 18 Cannon . | . . . Launcher 2 | . . 2 Special . | . . . Kinetic 77 | . 68 9 Thermal 77 | . 68 9 Explosive 2 | . . 2 Electromagnetic . | . . . Robot Hit Streak 13 | . 12 13 Robot Miss Streak 4 | . 4 1 Penetration Max . | . . . Secondary Targets 2 | . 2 . Max Gunslinging Chain 1 | . 1 . Shots Hit Robots 117 | . 90 27 Core Hits 45 | . 39 6 Critical Kills 1 | . 1 . Critical Parts Destroyed 3 | . 1 2 Critical Strikes 12 | . 9 3 Burn 8 | . 7 1 Destroy 2 | . 2 . Smash 2 | . . 2 Melee Attacks 28 | . 4 24 Impact 28 | . 4 24 Slashing . | . . . Piercing . | . . . Sneak Attacks 1 | . . 1 Combat Hostiles . | . . . Follow-up Attacks . | . . . Damage Inflicted 1965 | . 1091 874 Guns 1268 | . 1074 194 Cannons . | . . . Explosions 312 | . . 312 Melee 368 | . . 368 Ramming 17 | . 17 . Kinetic 592 | . 486 106 Thermal 818 | . 588 230 Explosive 170 | . . 170 Electromagnetic . | . . . Impact 368 | . . 368 Slashing . | . . . Piercing . | . . . Highest Corruption . | . . . Average Corruption . | . . . Corruption Purged . | . . . Corruption Blocked . | . . . Overload Shots . | . . . Overflow Damage 125 | . . 125 Projectiles . | . . . Explosions 20 | . . 20 Melee 105 | . . 105 Knockbacks . | . . . Impact . | . . . Kinetic . | . . . Secondary . | . . . Self-Inflicted Damage 35 | . . 35 Shots 1 | . . 1 Rammed 6 | . 5 1 Targets Rammed 6 | . 5 1 Kicked . | . . . Crushed . | . . . Highest Temperature 237 | . 237 135 Average Temperature 67 | . 70 45 Received Heat Transfer 507 | . 351 156 Siege Activations . | . . . Robots Corrupted . | . . . Combat Hostiles . | . . . Parts Fried 1 | . . 1 Impact Corruptions 4 | . . 4 Robots Melted 1 | . 1 . Combat Hostiles 1 | . 1 . Parts Melted 5 | . 5 . Heat Transferred 2753 | . 2220 533 Parts Sabotaged . | . . . Parts Stolen . | . . . Parts Stripped . | . . . Power Chain Reactions . | . . . Missiles Intercepted . | . . . Alert | -11 -10 -10 ------- Run | Scr Mat Min Peak Influence 209 | . 207 209 Initial 18 | . . 18 Average 60 | . 54 90 Maximum Alert Level 1 | . 1 1 Low Security (%) 98 | 100 97 99 Level 1 1 | . 2 . Level 2 . | . . . Level 3 . | . . . Level 4 . | . . . Level 5 . | . . . High Security . | . . . Max Security . | . . . Squads Dispatched 5 | . 5 . Investigation 3 | . 3 . Extermination . | . . . Reinforcement 2 | . 2 . Assault . | . . . Garrison . | . . . Intercept . | . . . Searches Triggered . | . . . Construction Impeded . | . . . Haulers Reinforced . | . . . Active Scanning Responses . | . . . Cargo Convoy Interrupts . | . . . Stealth | -11 -10 -10 --------- Run | Scr Mat Min Distress Signals 4 | . 3 1 Communications Jammed . | . . . Distress Signals . | . . . Times Spotted 49 | . 38 11 Peak Tracking Total 4 | . 3 4 Tactical Retreats 1 | . 1 . Traps | -11 -10 -10 ------- Run | Scr Mat Min Traps Triggered 1 | . 1 . Indirectly . | . . . Trap Hack Attempts . | . . . Triggered . | . . . Disarmed . | . . . Reprogrammed . | . . . Reused . | . . . Traps Extracted . | . . . Installed . | . . . Triggered . | . . . Machines | -11 -10 -10 ---------- Run | Scr Mat Min Machines Disabled 9 | . . 9 Max in Single Turn 9 | . . 9 Machines Sabotaged . | . . . Garrisons Compromised . | . . . Overloaded Fab Kills . | . . . Hacking | -11 -10 -10 --------- Run | Scr Mat Min Machines Accessed 9 | . 9 . Terminals 6 | . 6 . Fabricators . | . . . Repair Stations 1 | . 1 . Recycling Units 2 | . 2 . Scanalyzers . | . . . Garrison Access . | . . . Total Hacks 25 | . 25 . Successful 17 | . 17 . Failed 8 | . 8 . Catastrophic 2 | . 2 . Database Lockouts . | . . . Manual 19 | . 19 . Terminals 21 | . 21 . Fabricators . | . . . Repair Stations 2 | . 2 . Recycling Units 2 | . 2 . Scanalyzers . | . . . Garrison Access . | . . . Terminal Hacks 11 | . 11 . Part Schematic 3 | . 3 . Robot Analysis 4 | . 4 . Prototype ID Bank 1 | . 1 . Alert Level 1 | . 1 . Unreport Threat 1 | . 1 . Locate Traps 1 | . 1 . Fabricator Hacks . | . . . Repair Station Hacks 1 | . 1 . Scan Component 1 | . 1 . Recycling Unit Hacks . | . . . Scanalyzer . | . . . Garrison Access Hacks . | . . . Unauthorized Hacks 5 | . 5 . Terminals 3 | . 3 . Assimilate 1 | . 1 . Operators 2 | . 2 . Fabricators . | . . . Repair Stations . | . . . Recycling Units 2 | . 2 . Tunnel 2 | . 2 . Scanalyzers . | . . . Garrison Access . | . . . Data Cores Recovered . | . . . Used . | . . . Hacking Detections 6 | . 6 . Full Trace Events . | . . . Feedback Events . | . . . Feedback Blocked . | . . . Robot Schematics Acquired . | . . . Robots Built . | . . . Authchips . | . . . Time . | . . . Total Robot Build Rating . | . . . Part Schematics Acquired 2 | . 2 . Parts Built . | . . . Authchips . | . . . Time . | . . . Total Part Build Rating . | . . . Parts Repaired . | . . . Time . | . . . Parts Recycled . | . . . Recycled Matter . | . . . Retrieved Matter . | . . . Retrieved Components . | . . . Parts Scanalyzed . | . . . Part Schematics Acquired . | . . . Parts Damaged . | . . . Bothacking | -11 -10 -10 ------------ Run | Scr Mat Min Used RIF Installer . | . . . Robots Hacked . | . . . Non-combat . | . . . Combat . | . . . Robot Hacks Applied . | . . . Relay Couplers Released . | . . . Fabnet Peak Effective % . | . . . Robots Rewired . | . . . Allies Hacked . | . . . Hacks Repelled . | . . . Allies | -11 -10 -10 -------- Run | Scr Mat Min Total Allies 3 | . . 3 Largest Group 3 | . . 3 Highest-Rated Group 40 | . . 40 Highest-Rated Ally 16 | . . 16 Total Orders . | . . . Ally Attacks 32 | . . 32 Total Damage 333 | . . 333 Kills 5 | . . 5 Allies Corrupted . | . . . Allies Melted . | . . . Intel | -11 -10 -10 ------- Run | Scr Mat Min Robot Analysis Total 4 | . 4 . Derelict Logs Recovered 1 | . . 1 Drone Launches . | . . . Drone Recoveries . | . . . Exploration | -11 -10 -10 ------------- Run | Scr Mat Min Turns Passed 3191 | 82 2445 664 Spaces Moved 1233 | 48 969 216 Core 8 | 8 . . Treads 1225 | 40 969 216 Legs . | . . . Wheels . | . . . Hover . | . . . Flight . | . . . Fastest Speed 50 | 50 160 240 Average Speed 219 | 141 218 240 Slowest Speed 320 | 160 320 240 Overloaded Moves . | . . . Propulsion Burnouts . | . . . Robots Hopped . | . . . Cave-ins Triggered . | . . . Exploration Rate (%) 50 | 5 99 47 Regions Visited 2 Branch Regions 1 Pre-discovered Areas 2 | . 2 . Known Exits Taken . | . . . Unknown Exits Taken 2 | 1 1 . Scrap Searched 1 | . . 1 Spaces Dug 12 | . 4 8 Terrain Destroyed 19 | . 4 15 Melee 4 | . 4 . Projectile . | . . . AOE 15 | . . 15 Terrain Rammed . | . . . Walls Destroyed . | . . . Machines Disabled . | . . . Actions | -11 -10 -10 --------- Run | Scr Mat Min Total 1519 | 60 1164 295 Wait 82 | . 47 35 Move 1231 | 47 968 216 Hop . | . . . Pick Up 39 | 7 31 1 Fast Attach 9 | 5 4 . Attach 4 | 1 2 1 Detach 1 | . 1 . Swap 17 | . 11 6 Drop 23 | . 23 . Fire 79 | . 68 11 Melee 28 | . 4 24 Ram . | . . . Kick . | . . . Crush 6 | . 5 1 Escape Stasis . | . . . Rewire . | . . . Trap . | . . . Miscellaneous . | . . . Route ------- -11/Scrapyard -10/Materials (discovered 4 exits: [*Mat x3] / [*Min]) -10/Mines (discovered 1 exit: [*Mat]) History --------- Turn | Location | Event 39 | -11/Scrapyard | Discovered new exit (range 15) 83 | -11/Scrapyard | Entered Materials 307 | -10/Materials | Build established: Mutant 481 | -10/Materials | Discovered new exit (range 16) 1031 | -10/Materials | Discovered new exit (range 13) 1584 | -10/Materials | Discovered new exit (range 13) 1745 | -10/Materials | Discovered new exit (range 16) 2163 | -10/Materials | Core integrity fell below 50% 2528 | -10/Materials | Entered Mines 2611 | -10/Mines | Excavation squad dispatched 2611 | -10/Mines | A large section of the Mines collapsed 2628 | -10/Mines | Met a Derelict bent on vengeance 2730 | -10/Mines | Learned Materials non-interactive machine intel 2753 | -10/Mines | Core integrity fell below 20% 2797 | -10/Mines | Assisted by bots powering up and referring to "LRC-V3" 2861 | -10/Mines | Excavation squad dispatched 3053 | -10/Mines | Discovered new exit (range 8) 3192 | -10/Mines | Destroyed by G-47 Trooper with Particle Gun Last Messages --------------- 02945_ K-01 Serf collects debris. 02953_ G-34 Mercenary destroyed. 02962_ K-01 Serf collects debris. 02963_ Acquired 9 matter. 02965_ K-01 Serf collects debris. 02972_ T-07 Excavator is excavating. 02974_ K-01 Serf collects debris. 03021_ Searching scrap... 03021_ Found EM Pulse Gun. 03021_ Found Lgt. Treads. 03021_ Found Welding Torch. 03021_ Found 23 Matter. 03030_ Acquired Lgt. Treads. 03053_ EXIT=FOUND 03076_ K-01 Serf collects debris. 03174_ Plasma Injector explodes. 03174_ Laser Drill disabled. 03174_ Plasma Injector explodes. 03184_ Critical hit (Burn: +37). 03189_ G-47 Trooper suffers critical hit (Burn). Map ----- +----------------------------------------------------+ | ????????????# #### ###???????????????? | | ????????????# #"# "##?????????????### | | ????????????# # ####????##???????# | | ????????????######## # ##?????# # | | ?????????????????# #?????# # | | ?????????????????## ## ##????# # | | ???????????????????####### ###??# # | | ??????????????????????????# ##?# # | | ???????????????????????????# ### # | | ????????????????????????????# ## # | | ????????????? ??###????## | | ??????????? "# #??## % | | ????????? " ### % ### | | ????????? " == #??? | | ?????????? "# [*=* #??? | | ?????????? ;?# !%%%% #??? | | ??????????? ;?## %=== #### | | ????????""? #??## * =% | | ??????? ###### # ##### | | ???????""" " ## ## ##???? | | ???????""" "" ## ## ##### #????? | | ?????????" "" ## ## #???# #????? | | ??????????? ##[ ## #???# #????? | | ????????????? ??#% ## ##### ###??? | | ???????????####g#####%| | | ???????????# @ *!t #### #????? | | ???????????# ! %* ##??? #????? | | ???????????# ###%## ###???? #????? | | ???????????# #?#=## ###?????? #????? | | ???????????# #?# ######???????? ?????? | | ???????????# #?# #????????????? ?????? | | ???????????# #?# #????????????? ?????? | | ??????????## ### #????????????? ?????? | | ??????????# ## ###?????????????????? | | ?????????## ##????????????????? | | ?????????# < ##???????????????? | | ?????????# ##??????????????? | | ?????????# ## #??????????????? | | ?????????# """ #### #?????????????? | | ?????????# """ #??## #????????????? | | ?????????# """ #????# #????????????? | | ?????????## """ #?????# ##????????????? | | ??????????# ##?????##?????????????? | | ?????????## ##???????????????????? | | ?????????# #???????????????????? | | ????????# #???????????????????? | | ????????# #???????????????????? | | ????????## ##???????????????????? | | ?????????### #????????????????????? | | ????????????# ##????????????????????? | +----------------------------------------------------+ Best States ------------- Heat Dissipation 47 Energy Generation 10 Energy Capacity 250 Matter Stores 300 Matter Capacity 300 Sight Range 16 Terrain Scan Density 10 Armor Coverage 150 Evasion (%) 50 Recoil Reduction 2 Item Schematics ----------------- Huge Storage Unit | -10/Materials | Hacked Hcp. Storage Unit | -10/Materials | Hacked Robot Schematics ------------------ None Fabricated ------------ Nothing Alien Tech Used ----------------- None Achievements -------------- None Challenges ------------ None Game ------ Seed AssembledExplosiveRigger Manual? 0 Play Time 00:13:27 Cumulative 454.6 hours Start 2022.06.03 @ 12:05:39 End 2022.06.03 @ 12:17:14 Sessions 1 Manual Loads 0 Difficulty Rogue Special Mode None Game No. 432 Rogue 432 Adventurer 0 Explorer 0 Win Type - Total 21 Types 13/2/3/2/0/0/0/1/0 Lore% 94 Gallery% 92 Achievement% 77 Wizard Run 0 Options --------- ASCII 0 Keyboard 0 Movement Arrows Keybinds 0 Fullscreen 1 Font 18/Smallcaps Map View 76x50 Tactical HUD 1 Map Filters NONE Filters NONE Steam 1 RUN: f86bd08e-fa6c-4020-9cac-0e937499a3f2